 Dungeon Crawl Stone Soup version 0.24.0-123-gd5b16e6ec5 (webtiles) character file.

Game seed: 50215636960672292, levelgen mode: deterministic

585 FishyPogo the Gusty (level 7, -2/51 HPs)
             Began as a Gnoll Air Elementalist on Dec 19, 2019.
             Slain by a slave (9 damage)
             ... led by Pikel
             ... on level 4 of the Dungeon.
             The game lasted 00:10:17 (2990 turns).

FishyPogo the Gusty (Gnoll Air Elementalist)        Turns: 2990, Time: 00:10:18

Health: -2/51      AC:  7    Str: 13    XL:     7   Next: 37%
Magic:  15/15      EV: 14    Int: 17    God:
Gold:   252        SH:  2    Dex: 15    Spells: 7/17 levels left

rFire    . . .     SeeInvis .   y - +2 whip (flame)
rCold    . . .     Gourm    .   (no shield)
rNeg     . . .     Faith    .   B - +3 leather armour
rPois    .         Spirit   .   (no helmet)
rElec    .         Reflect  +   u - +0 cloak
rCorr    .         Harm     .   (no gloves)
MR       .....                  (no boots)
Stlth    +++.......             l - +2 amulet of reflection
HPRegen  0.17/turn              (no ring)
MPRegen  0.14/turn              (no ring)

@: sluggish, marked, very slow
A: distributed training, fangs 1, strong nose
a: no special abilities


You were on level 4 of the Dungeon.
You were not hungry.

You visited 1 branch of the dungeon, and saw 5 of its levels.
You also visited: Sewer.

You collected 252 gold pieces.

Inventory:

Hand Weapons
 y - a +2 whip of flaming (weapon)
Missiles
 b - 3 boomerangs (quivered)
 d - 24 poisoned darts
 f - 5 atropa-tipped darts
 s - 2 throwing nets
 t - 71 stones
Armour
 a - a +0 robe
 u - a +0 cloak (worn)
 B - a +3 leather armour (worn)
Jewellery
 l - a +2 amulet of reflection (around neck)
Scrolls
 e - 3 scrolls of teleportation {unknown}
 h - 3 scrolls of remove curse {unknown}
 n - a scroll of enchant weapon {unknown}
 o - a scroll of magic mapping {unknown}
 q - 2 scrolls of identify {unknown}
 r - 3 scrolls of noise {unknown}
 w - a scroll of random uselessness {unknown}
 x - a scroll of fear {unknown}
 D - a scroll of amnesia {unknown}
Potions
 g - a potion of might {unknown}
 i - 2 potions of curing {unknown}
 j - a potion of mutation {unknown}
 k - 2 potions of magic
 m - a potion of berserk rage {unknown}
 p - a potion of heal wounds {unknown}
 v - a potion of cancellation {unknown}
 z - a potion of agility {unknown}
 A - 2 potions of flight {unknown}
Comestibles
 c - 11 rations
 C - 6 chunks of flesh


   Skills:
 + Level 2.4 Fighting
 + Level 2.4 Short Blades
 + Level 2.4 Long Blades
 + Level 2.4 Axes
 + Level 2.4 Maces & Flails
 + Level 2.4 Polearms
 + Level 2.4 Staves
 + Level 2.4 Slings
 + Level 2.4 Bows
 + Level 2.4 Crossbows
 + Level 2.4 Throwing
 + Level 2.4 Armour
 + Level 5.2 Dodging
 + Level 4.8 Stealth
 + Level 2.4 Shields
 + Level 2.4 Unarmed Combat
 + Level 5.6 Spellcasting
 + Level 2.9 Conjurations
 + Level 2.0 Hexes
 + Level 2.0 Charms
 + Level 2.0 Summonings
 + Level 2.0 Necromancy
 + Level 2.0 Translocations
 + Level 2.0 Transmutations
 + Level 2.0 Fire Magic
 + Level 2.0 Ice Magic
 + Level 5.8 Air Magic
 + Level 2.0 Earth Magic
 + Level 2.0 Poison Magic
 + Level 2.6 Invocations
 + Level 2.4 Evocations


You had 7 spell levels left.
You knew the following spells:

 Your Spells              Type           Power        Failure   Level  Hunger
a - Shock                 Conj/Air       ###.         2%          1    None
b - Static Discharge      Conj/Air       ###.....     9%          3    ##.....
c - Airstrike             Air            ###.......   16%         4    ####...
s - Swiftness             Chrm/Air       ###.....     5%          2    #......

Your spell library contained the following spells:

 Spells                   Type           Power        Failure   Level  Hunger
 Lightning Bolt           Conj/Air       ###.......   61%         5    ######.


Dungeon Overview and Level Annotations

Branches:
Dungeon (5/15)              Sewer (visited)
 Temple: D:4-7

Altars:
Zin

Annotations:
D:4 Pikel


Innate Abilities, Weirdness & Mutations

Your experience applies equally to all skills.
You have very sharp teeth.
Your uncanny sense of smell can sniff out nearby items.


Message History

Pikel burns you.
You closely miss the slave.
The slave is almost dead.
The slave hits you but does no damage. The slave hits you!
* * * LOW HITPOINT WARNING * * *
Pikel hits you with a +0 whip of flaming.
* * * LOW HITPOINT WARNING * * *
Pikel burns you.
* * * LOW HITPOINT WARNING * * *
You closely miss the slave.
The slave is almost dead.
You feel sluggish.
You barely miss the slave.
The slave is heavily wounded.
Pikel hits you with a +0 whip of flaming.
* * * LOW HITPOINT WARNING * * *
Pikel burns you.
* * * LOW HITPOINT WARNING * * *
It was a potion of magic.
Magic courses through your body. The slave hits you!
You die...

#.....###.......##..#....##......
#................#..#....##......
##.........###......##..........#
...........####..######...#.....#
...##...........## #....#......
..###...........# #.........#.
...........#....######.#......##.
...##......#.#.........#......#..
...##......._.pK@...#.###.....#..
........#..#.#.p....#.###........
#.#....##...>....................
###.#..#.##.###....###.##......##
###.....### ##...######.#######
#.......###.....# ##.# ###
###.....<...#.....# #..# ###..
#...##........##..#####.###.<..
##............#.........##....#


You could see Pikel and 2 slaves.

Vanquished Creatures
  Purgy (Sewer)
  A phantom (D:4)
  2 scorpions (D:4)
  4 hounds
  A worker ant (D:4)
  A hound skeleton (D:4)
  4 adders
  An adder skeleton (D:4)
  4 worms
  4 dart slugs
  6 leopard geckos
  10 orcs
  4 ball pythons
  6 bats
  4 giant cockroaches
  5 goblins
  5 hobgoblins
  2 jackals (D:4)
  7 kobolds
  2 quokkas
  2 frilled lizards
  13 rats
89 creatures vanquished.

Notes
Turn   | Place    | Note
-------+----------+-------------------------------------------
     0 | D:1      | FishyPogo the Gnoll Air Elementalist began the quest for
                  | the Orb.
     0 | D:1      | Reached XP level 1. HP: 13/13 MP: 6/6
    49 | D:1      | Reached XP level 2. HP: 14/19 MP: 0/7
    53 | D:1      | Learned a level 2 spell: Swiftness
   724 | D:2      | Reached XP level 3. HP: 16/25 MP: 6/9
   729 | D:2      | Learned a level 3 spell: Static Discharge
   759 | D:2      | Reached skill level 5 in Spellcasting
   955 | D:2      | Reached skill level 1 in Invocations
  1132 | D:2      | Reached skill level 1 in Fighting
  1132 | D:2      | Reached skill level 1 in Short Blades
  1132 | D:2      | Reached skill level 1 in Long Blades
  1132 | D:2      | Reached skill level 1 in Axes
  1132 | D:2      | Reached skill level 1 in Maces & Flails
  1132 | D:2      | Reached skill level 1 in Polearms
  1132 | D:2      | Reached skill level 1 in Staves
  1132 | D:2      | Reached skill level 1 in Slings
  1132 | D:2      | Reached skill level 1 in Bows
  1132 | D:2      | Reached skill level 1 in Crossbows
  1132 | D:2      | Reached skill level 1 in Throwing
  1132 | D:2      | Reached skill level 1 in Armour
  1132 | D:2      | Reached skill level 1 in Shields
  1132 | D:2      | Reached skill level 1 in Unarmed Combat
  1132 | D:2      | Reached skill level 1 in Evocations
  1283 | D:3      | Reached XP level 4. HP: 29/32 MP: 9/11
  1437 | D:3      | Found a glowing drain.
  1467 | Sewer    | Entered a sewer
  1473 | Sewer    | Learned a level 4 spell: Airstrike
  1525 | Sewer    | Noticed Purgy
  1529 | Sewer    | Killed Purgy
  1529 | Sewer    | Reached skill level 1 in Hexes
  1529 | Sewer    | Reached skill level 1 in Charms
  1529 | Sewer    | Reached skill level 1 in Summonings
  1529 | Sewer    | Reached skill level 1 in Necromancy
  1529 | Sewer    | Reached skill level 1 in Translocations
  1529 | Sewer    | Reached skill level 1 in Transmutations
  1529 | Sewer    | Reached skill level 1 in Fire Magic
  1529 | Sewer    | Reached skill level 1 in Ice Magic
  1529 | Sewer    | Reached skill level 1 in Earth Magic
  1529 | Sewer    | Reached skill level 1 in Poison Magic
  1529 | Sewer    | Reached XP level 5. HP: 36/37 MP: 6/12
  2347 | D:3      | Reached XP level 6. HP: 38/44 MP: 7/13
  2361 | D:4      | Noticed a phantom
  2483 | D:4      | Reached skill level 5 in Dodging
  2542 | D:4      | Killed a phantom
  2542 | D:4      | Reached XP level 7. HP: 50/50 MP: 1/15
  2682 | D:4      | Found a glowing silver altar of Zin.
  2969 | D:5      | Entered Level 5 of the Dungeon
  2969 | D:5      | Noticed Pikel
  2990 | D:4      | Slain by a slave

Levels and vault maps discovered:
D:1:      dpeg_arrival_ternary, layout_loops_ring,
          minmay_misc_feat_secret_circle
D:2:      layout_rooms, minmay_rat_gold_closets
D:3:      layout_basic, portal_sewer_entry_a, chequers_serial_rivers_room_b
D:4:      layout_cave_pools, lemuel_crystal_altar, first_ration
D:5:      layout_rooms, cheibrodos_worm_habitat, dancing_weapons_uskayaw,
          amethyst_overflow_temple_binary, minmay_temple_entry_glassed_door,
          uniq_pikel, uniq_crazy_yiuf_cottage

Skill      XL: |  1  2  3  4  5  6  7 |
---------------+----------------------+-----
Conjurations   | 2 |  2.9
Spellcasting   | 5 |  5.6
Invocations    | 1 2 |  2.6
Fighting       | 1 2 |  2.4
Short Blades   | 1 2 |  2.4
Long Blades    | 1 2 |  2.4
Axes           | 1 2 |  2.4
Maces & Flails | 1 2 |  2.4
Polearms       | 1 2 |  2.4
Staves         | 1 2 |  2.4
Slings         | 1 2 |  2.4
Bows           | 1 2 |  2.4
Crossbows      | 1 2 |  2.4
Throwing       | 1 2 |  2.4
Armour         | 1 2 |  2.4
Shields        | 1 2 |  2.4
Unarmed Combat | 1 2 |  2.4
Evocations     | 1 2 |  2.4
Hexes          | 1 2 |  2.0
Charms         | 1 2 |  2.0
Summonings     | 1 2 |  2.0
Necromancy     | 1 2 |  2.0
Translocations | 1 2 |  2.0
Transmutations | 1 2 |  2.0
Fire Magic     | 1 2 |  2.0
Ice Magic      | 1 2 |  2.0
Earth Magic    | 1 2 |  2.0
Poison Magic   | 1 2 |  2.0
Dodging        | 5 |  5.2
Stealth        | |  4.8
Air Magic      | |  5.8

Action                   |  1- 3 |  4- 6 |  7- 9 || total
-------------------------+-------+-------+-------++-------
Melee: Unarmed           |    24 |    15 |       ||    39
       Bite              |     2 |     5 |     1 ||     8
       Whip              |       |    31 |    24 ||    55
 Cast: Shock             |    64 |    85 |    24 ||   173
       Airstrike         |       |     2 |       ||     2
       Swiftness         |       |       |     1 ||     1
  Use: Potion            |       |       |     1 ||     1
  Eat: Chunk             |     1 |     4 |     2 ||     7
Armor: Robe              |     6 |     7 |       ||    13
       Leather armour    |       |    10 |     6 ||    16
Dodge: Dodged            |    23 |    74 |    39 ||   136
Block: Other             |     1 |     6 |     1 ||     8
